 Dungeon Crawl Stone Soup version 0.31.0-32-g396128a36d (webtiles) character file.

Game seed: 7755395267442738768

2403 MollyMolluskus the Grappler (level 9, -2/63 HPs)
             Began as an Octopode Fighter on Mar 29, 2024.
             Was an Initiate of Wu Jian.
             Engulfed by a cloud of steam (6 damage)
             ... on level 7 of the Dungeon.
             The game lasted 00:18:17 (4944 turns).

MollyMolluskus the Grappler (Octopode Fighter)      Turns: 4944, Time: 00:18:18

Health: -2/63      AC:  5    Str: 20    XL:     9   Next: 47%
Magic:  9/9        EV: 14    Int: 10    God:    Wu Jian [......]
Gold:   77         SH:  5    Dex: 11    Spells: 8/8 levels left

rFire   . .          .
                       - Unarmed
rCold   . . .        a - +1 buckler
rNeg    . . .        (helmet restricted)
rPois   .            (no amulet)
rElec   .            c - +4 ring of protection
rCorr   +            k - ring of willpower
SInv    .            o - ring of resist corrosion
Will    +....        (no ring)
Stlth   +++          (no ring)
HPRegen 0.30/turn    (no ring)
MPRegen 0.11/turn    (no ring)
                     (no ring)

%: no passive effects
@: no status effects
A: almost no armour, amphibious, 8 rings, camouflage 1, gelatinous body 1,
(nimble swimmer 1), tentacles
a: Renounce Religion


You were on level 7 of the Dungeon.
You worshipped Wu Jian.
Wu Jian was noncommittal.
You visited 2 branches of the dungeon, and saw 8 of its levels.

You collected 252 gold pieces.
You spent 175 gold pieces at shops.

Inventory:

Missiles
 f - 2 throwing nets
 p - 10 poisoned darts (quivered)
 s - a curare-tipped dart
Armour
 a - a +1 buckler (worn)
 b - a +0 kite shield
Jewellery
 c - a +4 ring of protection (left tentacle)
 j - a ring of fire
 k - a ring of willpower (right tentacle)
 o - a ring of resist corrosion (on tentacle)
Wands
 u - a wand of iceblast (9)
Scrolls
 d - 11 scrolls of teleportation
 h - a scroll of poison
 r - 4 scrolls of identify
 t - a scroll of revelation
Potions
 e - 2 potions of mutation
 m - a potion of curing
 q - a potion of haste
 v - a potion of ambrosia


   Skills:
 + Level 6.5 Fighting
 + Level 6.6 Dodging
 - Level 4.0 Stealth
 - Level 4.0 Shields
 * Level 8.6 Unarmed Combat


You had 8 spell levels left.
You didn't know any spells.
Your spell library contained the following spells:

 Spells                   Type           Power      Damage    Failure   Level
 Kiss of Death            Conj/Necr      0%         2d5       43%         1
 Magic Dart               Conj           0%         1d3       43%         1
 Summon Small Mammal      Summ           0%         N/A       43%         1
 Blink                    Tloc           0%         N/A       56%         2
 Lesser Beckoning         Tloc           0%         N/A       56%         2
 Momentum Strike          Conj/Tloc      0%         3d8       56%         2
 Searing Ray              Conj           0%         2d4       56%         2
 Call Canine Familiar     Summ           0%         N/A       80%         3
 Confusing Touch          Hex            0%         N/A       80%         3
 Tukima's Dance           Hex            0%         N/A       80%         3
 Dispel Undead            Necr           0%         3d6       99%         4
 Fulminant Prism          Conj/Alch      0%         3d5       99%         4
 Passage of Golubria      Tloc           0%         N/A       99%         4
 Summon Blazeheart Golem  Fire/Summ      0%         N/A       99%         4
 Yara's Violent Unravell  Hex/Alch       0%         3d3       100%        5


Dungeon Overview and Level Annotations

Branches:
Dungeon (7/15)             Temple (1/1) D:6

Altars:
Ashenzari
Cheibriados
Dithmenos
Elyvilon
Gozag
Kikubaaqudgha
Makhleb
Nemelex Xobeh
Qazlal
Ru
Sif Muna
Trog
Wu Jian
Xom
Yredelemnul

Shops:
D:2 ?

Annotations:
D:3 1 runed translucent door, Crazy Yiuf


Innate Abilities, Weirdness & Mutations

You cannot wear most types of armour.
You are amphibious.
You can wear up to eight rings at the same time.
Your skin changes colour to match your surroundings (Stealth+).
Your rubbery body absorbs attacks. (AC +1, EV +1)
((You are camouflaged when in or above water. (Stealth+)))
You have tentacles for arms and can constrict up to eight enemies at once.


Message History

The steam dragon breathes steam at you. The ball of steam misses you.
The bullfrog is engulfed in a cloud of scalding steam.
You barely miss the steam dragon.
The steam dragon is lightly wounded.
You are engulfed in a cloud of scalding steam.
The steam dragon completely misses you. The steam dragon claws you.
Unknown command.
Okay, then.
Unknown command.
Aiming: Iceblast
Press: ? - help, Shift-Dir - straight line The mass of ice explodes!
The iceblast engulfs the bullfrog!!
You kill the bullfrog!
The Council accepts your kill.
The iceblast engulfs the steam dragon!
The steam dragon is heavily wounded.
The steam dragon breathes steam at you. The ball of steam hits you!!
* * * LOW HITPOINT WARNING * * *
Unknown command.
Aiming: Iceblast
Press: ? - help, Shift-Dir - straight line The mass of ice explodes!
The iceblast engulfs the steam dragon!
The steam dragon is almost dead.
You are engulfed in a cloud of scalding steam.
* * * LOW HITPOINT WARNING * * *
You block the steam dragon's attack. x2
You tentacle-slap the steam dragon but do no damage.
The steam dragon is almost dead.
You are engulfed in a cloud of scalding steam.
* * * LOW HITPOINT WARNING * * *
The steam dragon closely misses you.
The steam dragon claws you but does no damage.
Unknown command.
You closely miss the steam dragon. You squeeze the steam dragon.
You kill the steam dragon!
The Council accepts your kill.
You are engulfed in a cloud of scalding steam.
You die...

#...............#
#.##.#..........#
#.......#..##.#.#
#......###..#
##....## ##.#
#.#...+##..#
#...P..#...#
#...~P....## .
#?.P~....@# ..#
#...P..†)###....#
#........§)...#
#..#....##)..##
..............#
.#.....#......##
. ###......o..##
#.........D
###.####...#


There were no monsters in sight!

Vanquished Creatures
  Pikel (D:5)
  Eustachio (D:5)
  A steam dragon (D:7)
  An acid dragon (D:5)
  An ice beast (D:6)
  An ogre (D:6)
  A black bear (D:5)
  A centaur (D:6)
  A lemure (D:5)
  2 kobold brigands
  3 bullfrogs
  5 scorpions
  2 bombardier beetles (D:4)
  A hound (D:4)
  2 orc priests (D:6)
  A gnoll bouda (D:6)
  A jelly (D:5)
  A sleepcap (D:4)
  3 iguanas
  Natasha (thrice) (D:2)
  5 orc wizards (D:7)
  8 gnolls
  6 adders
  A shadow imp (D:6)
  2 ufetubi (D:7)
  A dart slug (D:1)
  11 orcs
  4 bats (D:1)
  7 endoplasms
  3 giant cockroaches
  5 goblins
  7 hobgoblins
  2 jackals (D:1)
  4 quokkas (D:1)
  2 ball pythons
  2 frilled lizards
  13 kobolds
  2 rats
118 creatures vanquished.

Notes
Turn   | Place    | Note
-------+----------+-------------------------------------------
     0 | D:1      | MollyMolluskus the Octopode Fighter began the quest for the
                  | Orb.
     0 | D:1      | Reached XP level 1. HP: 16/16 MP: 1/1
   124 | D:1      | Reached XP level 2. HP: 16/21 MP: 2/2
   250 | D:1      | Found a faded altar of an unknown god.
   378 | D:1      | Reached skill level 1 in Stealth
   428 | D:1      | Reached XP level 3. HP: 18/26 MP: 3/3
   836 | D:2      | Found Madepem's Magic Scroll Shoppe.
   844 | D:2      | Bought a scroll of teleportation for 42 gold pieces
   886 | D:2      | Noticed Natasha
   896 | D:2      | Killed Natasha
   897 | D:2      | Reached XP level 4. HP: 26/31 MP: 4/4
   994 | D:2      | Reached skill level 3 in Unarmed Combat
  1095 | D:2      | Noticed Natasha
  1099 | D:2      | Killed Natasha
  1325 | D:2      | Noticed Natasha
  1334 | D:2      | Killed Natasha
  1533 | D:3      | Reached XP level 5. HP: 28/36 MP: 5/5
  1988 | D:3      | Reached XP level 6. HP: 30/43 MP: 6/6
  2162 | D:3      | Found a runed translucent door.
  2163 | D:3      | Noticed Crazy Yiuf
  2215 | D:4      | Reached skill level 4 in Unarmed Combat
  2296 | D:4      | Reached XP level 7. HP: 48/48 MP: 7/7
  2597 | D:4      | You fall into a shaft and drop 2 floors!
  2631 | D:5      | Entered Level 5 of the Dungeon
  2672 | D:5      | Reached skill level 5 in Unarmed Combat
  2842 | D:5      | Noticed Eustachio
  2855 | D:5      | Killed Eustachio
  3051 | D:5      | Noticed Pikel
  3230 | D:4      | Found an opulent altar of Gozag.
  3427 | D:2      | Bought a scroll of blinking for 105 gold pieces
  3427 | D:2      | Bought a scroll of identify for 28 gold pieces
  3510 | D:5      | Reached XP level 8. HP: 52/54 MP: 8/8
  3512 | D:5      | Reached skill level 6 in Unarmed Combat
  3593 | D:5      | Reached skill level 5 in Dodging
  3768 | D:5      | Killed Pikel
  3769 | D:5      | Reached skill level 5 in Fighting
  3769 | D:5      | Reached skill level 7 in Unarmed Combat
  4147 | D:6      | Found a bloodstained altar of Trog.
  4227 | D:6      | Reached XP level 9. HP: 50/62 MP: 9/9
  4237 | D:6      | Reached skill level 8 in Unarmed Combat
  4734 | D:6      | Found a staircase to the Ecumenical Temple.
  4743 | Temple   | Entered the Ecumenical Temple
  4752 | Temple   | Became a worshipper of the Wu Jian Council
  4943 | D:7      | HP: 3/63 [steam dragon] (12)]
  4944 | D:7      | Engulfed by a cloud of steam

Illustrated notes

Levels and vault maps discovered:
D:1:      matt_arrival_los_fun, layout_rooms, shapermc_ecumenical_altar_ellora
D:2:      layout_basic, serial_shops, shop, uniq_natasha
D:3:      layout_basic, uniq_crazy_yiuf_cottage
D:4:      layout_cave_pools, lemuel_coloured_pillars_altar,
          minmay_pentomino_pile
D:5:      layout_loops_corners, uniq_eustachio, uniq_pikel
D:6:      layout_cave_pools, marbit_many_paths, minmay_temple_entry_antechambers
D:7:      layout_basic, tso_oasis_becter, okawaru_gym_becter,
          general_overflow_altar, roadster_capsule_ark_zombie
Temple:   dshaligram_water_room_temple

Skill      XL: |  1  2  3  4  5  6  7  8  9 |
---------------+----------------------------+-----
Stealth        | 1 2 3 4 |  4.0
Unarmed Combat | 3 4 5 7 8 |  8.6
Fighting       | 4 5 6 |  6.5
Dodging        | 4 6 |  6.6
Shields        | 4 |  4.0

Action                     |  1- 3 |  4- 6 |  7- 9 || total
---------------------------+-------+-------+-------++-------
  Melee: Unarmed           |    66 |    62 |   180 ||   308
         Tentacles         |    16 |    16 |    36 ||    68
         Constrict         |    15 |    16 |    33 ||    64
         Punch             |       |     3 |    12 ||    15
  Throw: Stone             |     2 |     2 |     2 ||     6
         Dart              |       |       |     1 ||     1
Ability: Lunge             |       |       |     4 ||     4
  Evoke: Wand              |       |       |     5 ||     5
    Use: Scroll            |     5 |     6 |     7 ||    18
         Potion            |       |       |     3 ||     3
   Stab: Sleeping          |     6 |     6 |    10 ||    22
 Armour: Skin              |    12 |    16 |   155 ||   183
  Dodge: Dodged            |    33 |    29 |    76 ||   138
  Block: Buckler           |     7 |     4 |    64 ||    75
